Map: Abyssal Reef LE

Players

David (iPlayDefense) - Winner!

  • Race: Terran Terran
  • Spawn Location: 11:00

VOD

Have the link to the VOD?

Description

Time

  • Played on: April 10, 2025, 12:47 p.m.
  • Length: 28:24
Show
View Real Time Build Order
Export as new Build Order

David Terran - Winner!

Build Orders:  

Get SALT Encoding   

  12  0:02  SCV  
  13  0:19  SCV  
  14  0:26  Supply Depot  
  14  0:58  Barracks  
  14  1:02  Refinery  
  14  1:03  SCV  
  15  1:20  SCV  
  16  2:12  Orbital Command  
  16  2:14  Command Center  
  16  2:25  Barracks Reactor  
  16  2:48  SCV  
  17  3:05  SCV  
  18  3:22  SCV  
  18  3:24  Marine x2  
  21  3:39  SCV  
  22  3:49  Marine  
  23  3:54  Marine  
  24  4:10  Supply Depot  
  24  4:14  Marine  
  24  4:18  SCV x2  
  24  4:19  Marine  
  28  4:35  SCV x2  
  30  4:41  Supply Depot  
  30  4:51  Barracks  
  30  4:52  SCV x2  
  32  5:08  SCV  
  32  5:09  SCV  
  34  5:25  SCV  
  34  5:26  SCV  
  34  5:27  Supply Depot  
  36  5:53  Marine  
  36  5:54  Marine  
  36  5:59  Supply Depot, Barracks  
  38  6:00  Barracks Tech Lab  
  38  6:07  SCV  
  39  6:10  SCV  
  39  6:18  Marine  
  39  6:19  Marine  
  42  6:24  SCV, Refinery  
  42  6:27  SCV  
  44  6:32  Unknown  
  44  6:41  SCV, Factory  
  44  6:43  Marine  
  44  6:44  SCV, Marine  
  48  6:58  SCV  
  49  7:01  SCV  
  49  7:07  Barracks Tech Lab  
  49  7:08  Marine  
  49  7:09  Marine  
  52  7:15  SCV  
  52  7:17  Stimpack  
  52  7:19  Engineering Bay  
  53  7:31  SCV  
  54  7:48  SCV  
  55  7:56  Marauder  
  55  7:57  Marauder  
  55  7:58  Marine  
  55  7:59  Marine  
  61  8:04  Factory Tech Lab  
  61  8:09  Terran Infantry Weapons Level 1, Armory  
  61  8:23  Marine  
  61  8:24  Marine  
  61  8:26  Marauder  
  61  8:27  Marauder  
  67  8:34  Refinery  
  67  8:44  Siege Tank  
  70  9:04  Supply Depot  
  70  9:06  Refinery  
  70  9:20  Starport  
  70  9:34  SCV, Marine x2, Marauder x2  
  70  9:36  Supply Depot  
  70  9:39  SCV  
  78  9:52  Bunker  
  78  10:06  SCV x2, Marine x2, Marauder x2  
  78  10:08  Supply Depot  
  86  10:23  SCV x2  
  88  10:33  Siege Tank  
  88  10:36  Marauder x2  
  88  10:39  Supply Depot  
  95  10:41  Marine x2  
  95  10:46  Medivac  
  99  10:53  Orbital Command  
  99  10:56  Supply Depot  
  99  11:06  Marine x2  
  101  11:18  Siege Tank  
  104  11:27  Supply Depot  
  104  11:28  Medivac  
  106  11:31  Marine x2  
  106  11:35  Terran Infantry Weapons Level 2  
  108  11:56  Marine x2  
  108  11:59  Supply Depot  
  110  12:03  Siege Tank  
  113  12:18  Medivac  
  115  12:31  Supply Depot  
  115  12:38  Supply Depot  
  115  12:39  Supply Depot  
  115  12:48  Siege Tank  
  115  12:49  Terran Vehicle Weapons Level 1  
  118  12:59  Marine  
  79  13:00  Marine, Medivac  
  119  13:09  Marine x2  
  124  13:10  Supply Depot  
  124  13:16  Supply Depot  
  124  13:17  Supply Depot  
  124  13:24  Marine  
  124  13:25  Marine  
  126  13:34  Marine x2  
  128  13:41  Medivac  
  128  13:49  Marine  
  131  13:50  Marine  
  131  13:59  Marine x2  
  122  14:14  Marine  
  122  14:15  Marine  
  124  14:23  Marine  
  124  14:24  Marine  
  126  14:45  Terran Infantry Armor Level 1  
  126  14:47  Thor  
  126  14:48  Marine  
  126  14:49  Marine  
  134  15:22  Command Center, Viking  
  134  15:29  Terran Vehicle And Ship Armor Level 1  
  136  15:47  Thor  
  142  16:04  Viking  
  144  16:18  Marine  
  144  16:19  Marine  
  146  16:20  Marine  
  146  16:21  Marine  
  148  16:34  Supply Depot  
  148  16:43  Marine  
  148  16:44  Marine  
  148  16:45  Marine  
  148  16:46  Marine, Viking  
  148  16:47  Thor  
  160  17:06  Refinery  
  160  17:08  Marine  
  160  17:09  Marine  
  162  17:10  Marine  
  162  17:11  Marine  
  164  17:25  Terran Infantry Weapons Level 3  
  164  17:28  Viking  
  166  17:33  Marine  
  166  17:34  Marine  
  166  17:35  Marine  
  166  17:36  Marine  
  170  17:40  Refinery  
  170  17:47  Thor  
  176  18:00  Marine  
  176  18:01  Marine  
  176  18:09  Terran Vehicle Weapons Level 2  
  178  18:10  Viking  
  180  18:23  Concussive Shells  
  180  18:52  Viking  
  182  19:13  Unknown  
  180  19:34  Medivac  
  122  19:57  Marine  
  122  19:58  Marine  
  124  20:00  Marauder  
  124  20:01  Marauder  
  124  20:03  Infernal Pre-Igniter  
  128  20:16  Medivac  
  130  20:22  Marine  
  130  20:23  Marine  
  132  20:30  Marauder  
  132  20:31  Marauder  
  136  20:45  Supply Depot  
  136  20:46  Command Center  
  136  20:47  Marine  
  136  20:48  Marine  
  138  20:58  Medivac  
  140  21:00  Marauder  
  140  21:01  Marauder  
  140  21:05  Terran Infantry Armor Level 2  
  144  21:12  Marine  
  144  21:13  Marine  
  144  21:18  Terran Ship Weapons Level 1  
  146  21:20  Siege Tank  
  149  21:30  Marauder  
  149  21:31  Marauder  
  149  21:39  Medivac  
  153  21:44  Marine  
  153  21:45  Marine  
  157  22:00  Marauder  
  157  22:01  Marauder  
  157  22:05  Siege Tank  
  157  22:09  Marine  
  165  22:10  Marine  
  166  22:21  Medivac  
  168  22:32  Refinery  
  168  22:34  Marine  
  168  22:35  Marine  
  170  22:50  Siege Tank  
  170  22:59  Marine  
  174  23:00  Marine  
  175  23:35  Siege Tank  
  178  23:42  Marine x2  
  180  23:58  Terran Vehicle And Ship Armor Level 2  
  180  24:06  Marine  
  180  24:07  Marine  
  172  24:20  Siege Tank  
  175  24:31  Marine  
  175  24:32  Marine  
  175  24:35  Hi-Sec Auto Tracking  
  177  24:56  Marine  
  177  24:57  Marine  
  167  26:07  Command Center  
Tags
 
Matchup
Co-op
Replay Pack
DaveSC2
Add a new tag
Caveats
  • Supply blocks, unpowered buildings, or Contaminate may cause inaccurate times.
  • Supply counts are checked every 10 seconds.